 Dungeon Crawl Stone Soup version 0.28.0-43-g3370ac3207 (webtiles) character file.

Game seed: 18025620589388441942

123 Ablot the Grasshopper (level 5, -2/43 HPs)
             Began as a Gnoll Warper on Mar 4, 2022.
             Slain by a centaur (3 damage)
             ... on level 4 of the Dungeon.
             The game lasted 00:03:39 (2703 turns).

Ablot the Grasshopper (Gnoll Warper)                Turns: 2703, Time: 00:03:39

Health: -2/43      AC:  6    Str: 12    XL:     5   Next: 7%
Magic:  12/12      EV: 12    Int: 12    God:
Gold:   160        SH:  6    Dex: 18    Spells: 12/14 levels left

rFire   + . .      SeeInvis .   a - +0 spear
rCold   . . .      Faith    .   m - +2 buckler
rNeg    . . .      Spirit   .   b - +1 ring mail {rPois}
rPois   +          Reflect  .   (no helmet)
rElec   .          Harm     .   (no cloak)
rCorr   .          Rampage  .   (no gloves)
Will    .....                   (no boots)
Stlth   +.........              (no amulet)
HPRegen 0.14/turn               n - ring of protection from fire
MPRegen 0.13/turn               r - +6 ring of dexterity

@: flying
A: fangs 1, strong nose, distributed training
a: no special abilities


You were on level 4 of the Dungeon.
You visited 1 branch of the dungeon, and saw 4 of its levels.

You collected 160 gold pieces.

Inventory:

Hand Weapons
 a - a +0 spear (weapon)
 o - a +0 hunting sling
Missiles
 d - 5 boomerangs of dispersal (quivered)
 e - 44 arrows
 g - 55 stones
Armour
 b - a +1 ring mail of poison resistance (worn)
 m - a +2 buckler (worn)
Jewellery
 n - a ring of protection from fire (left hand)
 p - a ring of protection from fire
 r - a +6 ring of dexterity (right hand)
Scrolls
 c - a scroll of blinking
 i - a scroll of enchant weapon {unknown}
 k - a scroll of holy word {unknown}
 q - a scroll of silence {unknown}
Potions
 h - a potion of berserk rage {unknown}
 j - a potion of mutation {unknown}
 l - a potion of brilliance {unknown}
 s - a potion of curing {unknown}


   Skills:
 + Level 4.7 Fighting
 + Level 1.3 Short Blades
 + Level 1.3 Long Blades
 + Level 1.3 Axes
 + Level 1.3 Maces & Flails
 + Level 4.7 Polearms
 + Level 1.3 Staves
 + Level 1.3 Slings
 + Level 1.3 Bows
 + Level 1.3 Crossbows
 + Level 2.9 Throwing
 + Level 2.9 Armour
 + Level 4.7 Dodging
 + Level 1.3 Stealth
 + Level 1.3 Shields
 + Level 1.3 Unarmed Combat
 + Level 5.1 Spellcasting
 + Level 1.1 Conjurations
 + Level 1.1 Hexes
 + Level 1.1 Summonings
 + Level 1.1 Necromancy
 + Level 5.5 Translocations
 + Level 1.1 Transmutations
 + Level 1.1 Fire Magic
 + Level 1.1 Ice Magic
 + Level 1.1 Air Magic
 + Level 1.1 Earth Magic
 + Level 1.1 Poison Magic
 + Level 1.5 Invocations
 + Level 1.3 Evocations


You had 12 spell levels left.
You knew the following spells:

 Your Spells              Type           Power      Damage    Failure   Level
a - Blink                 Tloc           32%        N/A       10%         2

Your spell library contained the following spells:

 Spells                   Type           Power      Damage    Failure   Level
 Gell's Gravitas          Tloc           16%        N/A       19%         3
 Lesser Beckoning         Tloc           16%        N/A       19%         3
 Teleport Other           Tloc           16%        N/A       19%         3
 Ensorcelled Hibernation  Hex/Ice        10%        N/A       50%         2
 Passwall                 Tmut/Erth      4%         N/A       50%         2
 Swiftness                Air            5%         N/A       75%         3
 Manifold Assault         Tloc           16%        N/A       86%         5


Dungeon Overview and Level Annotations

Branches:
Dungeon (4/15)
 Temple: D:4-7

Altars:
Gozag


Innate Abilities, Weirdness & Mutations

You have very sharp teeth.
Your uncanny sense of smell can sniff out nearby items.
Your experience applies equally to all skills.


Message History

The centaur is heavily wounded.
You block the centaur's attack. The centaur kicks you.
The centaur hits you but does no damage.
The centaur kicks you but does no damage.
You closely miss the centaur.
The centaur is heavily wounded.
The centaur closely misses you. The centaur kicks you.
You hit the centaur. You bite the centaur.
The centaur is almost dead.
The centaur hits you.
* * * LOW HITPOINT WARNING * * *
The centaur kicks you.
* * * LOW HITPOINT WARNING * * *
You barely miss the centaur.
The centaur is almost dead.
The centaur hits you.
* * * LOW HITPOINT WARNING * * *
The centaur kicks you but does no damage.
The centaur closely misses you. The centaur misses you.
You hit the centaur.
The centaur is almost dead.
The centaur closely misses you. The centaur kicks you.
* * * LOW HITPOINT WARNING * * *
Okay, then.
Okay, then.
It was a potion of flight.
You feel very buoyant.
You fly up into the air.
The centaur hits you.
* * * LOW HITPOINT WARNING * * *
The centaur closely misses you.
Unknown command.
You hit the centaur but do no damage.
The centaur is almost dead.
The centaur completely misses you.
The centaur kicks you but does no damage.
The centaur barely misses you. You block the centaur's attack.
You hit the centaur but do no damage. You bite the centaur, but do no damage.
The centaur is almost dead.
The centaur misses you. The centaur kicks you.
You die...

#. . #.
...###.########..
.................
.......<[.#
....##.########.. .
#..###.....
#..#...########
#.c@.>.........
#...####.######..
......#####.........
...#........#######.
.. #..#####..# . ..
##.# ...#######.####
..?.......<....#
.#######.##.....


You could see a centaur.

Vanquished Creatures
  A killer bee zombie (D:4)
  5 adders
  2 dart slugs
  3 orcs
  5 ball pythons
  4 endoplasms
  3 giant cockroaches
  4 goblins
  4 hobgoblins
  3 jackals (D:2)
  3 kobolds
  3 quokkas
  4 bats
  4 frilled lizards
  2 rats
50 creatures vanquished.

Notes
Turn   | Place    | Note
-------+----------+-------------------------------------------
     0 | D:1      | Ablot the Gnoll Warper began the quest for the Orb.
     0 | D:1      | Reached XP level 1. HP: 20/20 MP: 6/6
   111 | D:1      | Found a faded altar of an unknown god.
   334 | D:1      | Reached XP level 2. HP: 3/26 MP: 7/7
   341 | D:1      | Learned a level 2 spell: Blink
  1204 | D:2      | Reached skill level 5 in Spellcasting
  1204 | D:2      | Reached XP level 3. HP: 31/31 MP: 7/9
  1306 | D:2      | Reached skill level 1 in Invocations
  1451 | D:2      | Reached skill level 1 in Short Blades
  1451 | D:2      | Reached skill level 1 in Long Blades
  1451 | D:2      | Reached skill level 1 in Axes
  1451 | D:2      | Reached skill level 1 in Maces & Flails
  1451 | D:2      | Reached skill level 1 in Staves
  1451 | D:2      | Reached skill level 1 in Slings
  1451 | D:2      | Reached skill level 1 in Bows
  1451 | D:2      | Reached skill level 1 in Crossbows
  1451 | D:2      | Reached skill level 1 in Stealth
  1451 | D:2      | Reached skill level 1 in Shields
  1451 | D:2      | Reached skill level 1 in Unarmed Combat
  1451 | D:2      | Reached skill level 1 in Evocations
  1806 | D:2      | Reached XP level 4. HP: 38/38 MP: 11/11
  2137 | D:3      | Reached skill level 1 in Conjurations
  2137 | D:3      | Reached skill level 1 in Hexes
  2137 | D:3      | Reached skill level 1 in Summonings
  2137 | D:3      | Reached skill level 1 in Necromancy
  2137 | D:3      | Reached skill level 1 in Transmutations
  2137 | D:3      | Reached skill level 1 in Fire Magic
  2137 | D:3      | Reached skill level 1 in Ice Magic
  2137 | D:3      | Reached skill level 1 in Air Magic
  2137 | D:3      | Reached skill level 1 in Earth Magic
  2137 | D:3      | Reached skill level 1 in Poison Magic
  2421 | D:3      | Found an opulent altar of Gozag.
  2612 | D:4      | Reached XP level 5. HP: 35/43 MP: 12/12
  2671 | D:4      | Noticed a centaur
  2701 | D:4      | HP: 1/43 [centaur (2)]
  2703 | D:4      | Slain by a centaur

Illustrated notes

Levels and vault maps discovered:
D:1:      eino_arrival_water_star, layout_loops_cross,
          dilly_ecumenical_altar_fadedgnrine
D:2:      layout_basic, grunt_decor_mini_mirrors, minmay_diced_spiral
D:3:      minmay_skewed_foursquare, layout_rooms, lemuel_doored_altar
D:4:      layout_rooms

Skill      XL: |  1  2  3  4 |
---------------+-------------+-----
Spellcasting   | 5 |  5.1
Invocations    | 1 |  1.5
Short Blades   | 1 |  1.3
Long Blades    | 1 |  1.3
Axes           | 1 |  1.3
Maces & Flails | 1 |  1.3
Staves         | 1 |  1.3
Slings         | 1 |  1.3
Bows           | 1 |  1.3
Crossbows      | 1 |  1.3
Stealth        | 1 |  1.3
Shields        | 1 |  1.3
Unarmed Combat | 1 |  1.3
Evocations     | 1 |  1.3
Conjurations   | 1 |  1.1
Hexes          | 1 |  1.1
Summonings     | 1 |  1.1
Necromancy     | 1 |  1.1
Transmutations | 1 |  1.1
Fire Magic     | 1 |  1.1
Ice Magic      | 1 |  1.1
Air Magic      | 1 |  1.1
Earth Magic    | 1 |  1.1
Poison Magic   | 1 |  1.1
Fighting       | |  4.7
Polearms       | |  4.7
Throwing       | |  2.9
Armour         | |  2.9
Dodging        | |  4.7
Translocations | |  5.5

Action                   |  1- 3 |  4- 6 || total
-------------------------+-------+-------++-------
Melee: Spear             |   113 |   135 ||   248
       Bite              |     6 |    18 ||    24
       Punch             |     1 |       ||     1
  Use: Potion            |       |     1 ||     1
Armor: Ring mail         |    30 |    37 ||    67
Dodge: Dodged            |    48 |    67 ||   115
Block: Buckler           |     3 |    41 ||    44
